 Dungeon Crawl Stone Soup version 0.31-a0-986-g5e6e4ef867 (webtiles) character file.

Game seed: 17519910093181628206

69458 jasper the Carver (level 15, -10/132 HPs)
             Began as a Human Fighter on Nov 10, 2023.
             Was an Elder of Ashenzari.
             Mangled by a golden dragon simulacrum (16 damage)
             ... in an ice cave.
             The game lasted 00:43:20 (25499 turns).

jasper the Carver (Human Fighter)                  Turns: 25499, Time: 00:43:21

Health: -10/132    AC: 19    Str: 23    XL:     15   Next: 74%
Magic:  3/16       EV: 18    Int:  8    God:    Ashenzari [****..]
Gold:   561        SH: 19    Dex: 20    Spells: 15/15 levels left

rFire   . . .        t - +8 double sword (freeze)
rCold   + . .        T - +0 kite shield
rNeg    + + .        M - +0 swamp dragon scales of the Elysian Omen {rPois, Self, Elem} (curse)
rPois   +            k - +0 helmet of the Fated Prison {Alch, Dev} (curse)
rElec   .            d - scarf of the Lashed Loss {+Inv, Alch, Self} (curse)
rCorr   .            Z - +3 Mad Mage's Maulers {Infuse+∞ VampMP -Cast, Self, Fort} (curse)
SInv    +            s - +0 pair of boots "Elysian Henotheism" {Dev, Comp} (curse)
Will    ++...        G - amulet "Manifest Burden" {Reflect rN+ SH+5 Stlth+, Self, Melee} (curse)
Stlth   ++           l - ring of protection from fire
HPRegen 0.42/turn    u - ring "Shattered Adversity" {rC+ rN+ Will+ Str+6, Self, Melee} (curse)
MPRegen 0.15/turn

%: no spellcasting, reflection, clarity, infuse magic (3 MP)
@: studying Ice Magic
A: heat vulnerability 1
a: Renounce Religion, Evoke Invisibility, Shatter the Chains


You were in an ice cave.
You worshipped Ashenzari.
Ashenzari was greatly pleased with you.
You visited 3 branches of the dungeon, and saw 21 of its levels.
You also visited: Ice Cave.

You collected 2266 gold pieces.
You spent 1705 gold pieces at shops.

Inventory:

Hand Weapons
 t - a +8 double sword of freezing (weapon)
Missiles
 a - 4 silver javelins
 f - 19 javelins
 i - 167 stones (quivered)
 n - 13 boomerangs
 o - a curare-tipped dart
 q - 23 poisoned darts
 C - 2 darts of dispersal
 N - 6 throwing nets
Armour
 d - the cursed scarf of the Lashed Loss (worn) {+Inv, Alch, Self}
   (You found it on level 2 of the Dungeon)

   It has a curse which improves the following skills: Alchemy: Poison Magic and
   Transmutations.
   Introspection: Fighting and Spellcasting.
 k - the cursed +0 helmet of the Fated Prison (worn) {Alch, Dev}
   (You found it on level 1 of the Dungeon)

   It has a curse which improves the following skills: Alchemy: Poison Magic and
   Transmutations.
   Devices:   Evocations and Shapeshifting.
 s - the cursed +0 pair of boots "Elysian Henotheism" (worn) {Dev, Comp}
   (You found it on level 3 of the Dungeon)

   It has a curse which improves the following skills: Devices: Evocations and
   Shapeshifting.
   Companions: Summonings and Necromancy.
 w - a +0 helmet
 I - a +1 plate armour of cold resistance
 M - the cursed +0 swamp dragon scales of the Elysian Omen (worn) {rPois, Self, Elem}
   (You found it on level 7 of the Dungeon)

   rPois:     It protects you from poison It has a curse which improves the
   following skills: Introspection: Fighting and Spellcasting.
   Elements:  Fire Magic, Ice Magic, Air Magic and Earth Magic.
 S - a +0 pair of boots
 T - a +0 kite shield (worn)
 Z - the cursed +3 Mad Mage's Maulers (worn) {Infuse+∞ VampMP -Cast, Self, Fort}
   (You bought it in a shop on level 9 of the Dungeon)

   Infuse+∞: It empowers its wearer's blows with all of their magic.
   VampMP:    Blows struck in melee replenish the wearer's magic.
   -Cast:     It prevents spellcasting.
   It has a curse which improves the following skills: Introspection: Fighting
   and Spellcasting.
   Fortitude: Armour and Shields.
Jewellery
 c - a ring of ice
 l - a ring of protection from fire (left hand)
 r - a ring of protection from fire
 u - the cursed ring "Shattered Adversity" (right hand) {rC+ rN+ Will+ Str+6, Self, Melee}
   (You found it on level 4 of the Dungeon)

   [ring of strength]

   Str+6:     It affects your strength (+6).
   rC+:       It protects you from cold.
   rN+:       It protects you from negative energy.
   Will+:     It increases your willpower.
   It has a curse which improves the following skills: Introspection: Fighting
   and Spellcasting.
   Melee Combat: Short Blades, Long Blades, Axes, Maces & Flails, Polearms,
   Staves and Unarmed Combat.
 G - the cursed amulet "Manifest Burden" (around neck) {Reflect rN+ SH+5 Stlth+, Self, Melee}
   (You found it on level 13 of the Dungeon)

   [amulet of reflection]

   Reflect:   It reflects blocked missile attacks.
   rN+:       It protects you from negative energy.
   SH+5:      It affects your SH (+5).
   Stlth+:    It makes you more stealthy.
   It has a curse which improves the following skills: Introspection: Fighting
   and Spellcasting.
   Melee Combat: Short Blades, Long Blades, Axes, Maces & Flails, Polearms,
   Staves and Unarmed Combat.
 U - a ring of poison resistance
Wands
 b - a wand of flame (36)
 p - a wand of digging (31)
 F - a wand of paralysis (1)
 K - a wand of polymorph (3)
Scrolls
 v - 3 scrolls of revelation
 x - a scroll of brand weapon
 y - 3 scrolls of blinking
 D - 2 scrolls of poison
 H - 3 scrolls of fog
 L - 3 scrolls of enchant armour
 P - 3 scrolls of fear
 Q - 5 scrolls of butterflies
 R - 2 scrolls of silence
 X - 4 scrolls of teleportation
 Y - 2 scrolls of vulnerability
Potions
 e - a potion of lignification
 g - 3 potions of curing
 h - a potion of attraction
 j - 6 potions of haste
 m - 2 potions of ambrosia
 z - 3 potions of might
 A - a potion of invisibility
 B - 2 potions of cancellation
 E - 4 potions of mutation
 J - 2 potions of heal wounds
 V - 4 potions of enlightenment
 W - 3 potions of resistance


   Skills:
 - Level 11.5(16.5) Fighting
 + Level 11.7(14.4) Long Blades
 - Level 11.5(13.3) Armour
 - Level 11.0 Dodging
 - Level 11.5(13.3) Shields
 - Level 11.1(13.8) Evocations


You had 15 spell levels left.
You didn't know any spells.
Your spell library contained the following spells:

 Spells                   Type           Power      Damage    Failure   Level
 Apportation              Tloc           0%         N/A       65%         1
 Scorch                   Fire           0%         2d5       77%         2
 Sublimation of Blood     Necr           0%         N/A       77%         2
 Jinxbite                 Hex            0%         N/A       80%         2
 Call Canine Familiar     Summ           0%         N/A       94%         3
 Dazzling Flash           Conj/Hex       0%         N/A       95%         3
 Stone Arrow              Conj/Erth      0%         3d7       95%         3
 Flame Wave               Conj/Fire      0%         2d4       100%        4
 Petrify                  Tmut/Erth      0%         N/A       100%        4
 Vhi's Electric Charge    Tloc/Air       0%         N/A       100%        4
 Agony                    Necr           0%         N/A       100%        5
 Alistair's Intoxication  Tmut/Pois      0%         N/A       100%        5
 Arcjolt                  Conj/Air       0%         1d10      100%        5
 Irradiate                Conj/Tmut      0%         3d11      100%        5
 Silence                  Hex/Air        0%         N/A       100%        5
 Summon Cactus Giant      Summ           0%         N/A       100%        6
 Lehudib's Crystal Spear  Conj/Erth      0%         10d2      100%        8
 Maxwell's Capacitive Co  Air            0%         ∞         100%        8
 Chain Lightning          Conj/Air       0%         N/A       100%        9
 Fire Storm               Conj/Fire      0%         5d1       100%        9
 Shatter                  Erth           0%         3d5*      100%        9


Dungeon Overview and Level Annotations

Branches:
Dungeon (14/15)            Temple (0/1) D:4            Lair (5/5) D:8
 Shoals (0/4) Lair:2        Snake (0/4) Lair:2        Slime (0/5) Lair:4
    Orc (2/2) D:9             Elf (0/3) Orc:2         IceCv (1/1)
 Vaults: D:13-14

Altars:
Ashenzari
Dithmenos
Elyvilon
Gozag
Kikubaaqudgha
Ru
Trog
Vehumet
Wu Jian
The Shining One
Jiyva

Shops:
D:8 ?   D:9 [   Orc:2 *=![

Annotations:
Lair:3 exclusion: oklob plant
Lair:5 exclusion: 3 doors


Innate Abilities, Weirdness & Mutations

You are vulnerable to heat. (rF-)


Message History

The golden dragon simulacrum is lightly damaged.
You block the golden dragon simulacrum's attack.
The golden dragon simulacrum claws you.
The golden dragon simulacrum freezes you!!
You resist.
The golden dragon simulacrum closely misses you.
You take 21 damage, and have 55/132 hp.
You slice the golden dragon simulacrum!!
The golden dragon simulacrum is heavily damaged.
The golden dragon simulacrum bites you.
The golden dragon simulacrum freezes you!!
You resist.
* * * LOW HITPOINT WARNING * * *
You block the golden dragon simulacrum's attack.
The golden dragon simulacrum tramples you.
* * * LOW HITPOINT WARNING * * *
You hold your ground!
You take 31 damage, and have 24/132 hp.
MASSIVE DAMAGE!!
You regained 4 mp, and now have 4/16 mp.
You slice the golden dragon simulacrum!!
The golden dragon simulacrum is almost destroyed.
You now have 3/16 mp.
You slice the golden dragon simulacrum!!
The golden dragon simulacrum vaporises!
You now have 1/16 mp.
You hack one of the seven-headed hydra simulacrum's heads off!
You slice the six-headed hydra simulacrum!!
The six-headed hydra simulacrum is severely damaged.
You regained 2 mp, and now have 3/16 mp.
You hack one of the six-headed hydra simulacrum's heads off!
You slash the five-headed hydra simulacrum!
The five-headed hydra simulacrum vaporises!
You now have 2/16 mp.
You slice the golden dragon simulacrum!!
The golden dragon simulacrum is heavily damaged.
The golden dragon simulacrum bites you!!
* * * LOW HITPOINT WARNING * * *
The golden dragon simulacrum freezes you!
You resist.
You die...

#.†.#...#,,,*
###.###...#**,***
#...#.#...#{*,,,*
#'###'#...#+#**'*
#.#.'.......+{*,*
#.#*#.8...8.###,*
#.#{+.......'.#,*
#.###.8...8.###,*
#.'@Z.........',*
#.###.8...8.###,*
#.#{+.......'.#,*
#.#*#.8...8.###,*
#.#{+.......'.*,*
#'######'######+#
#...............#
####8.#####.8####
##.#)..#.##


You could see a golden dragon simulacrum.

Vanquished Creatures
  Rupert (Orc:2)
  An Ice Fiend (IceCv)
  Gastronok (D:10)
  An azure jelly (D:14)
  Fannar (D:11)
  2 catoblepae
  6 hydras
  2 centaur warriors
  6 two-headed ogres
  A fire crab (D:11)
  8 orc knights (Orc:2)
  3 bog bodies (IceCv)
  A lindwurm (Lair:4)
  2 obsidian statues (IceCv)
  A deep elf pyromancer (D:12)
  A cyclops (D:13)
  An ugly thing (D:13)
  3 manticores
  12 elephants
  3 black mambas
  A gargoyle (D:10)
  16 cane toads
  14 komodo dragons
  Jeremiah (D:6)
  A rime drake (Lair:1)
  A kobold demonologist (D:12)
  6 freezing wraiths
  3 golden dragon simulacra (IceCv)
  3 trolls
  A merfolk (D:11)
  An alligator simulacrum (IceCv)
  2 polar bears
  22 blink frogs
  A centaur simulacrum (D:14)
  A shadow (D:12)
  2 wyverns
  63 yaks
  6 basilisks
  A wraith (D:13)
  2 steam dragons
  Menkaure (D:4)
  A harpy simulacrum (IceCv)
  7 wargs (Orc:2)
  4 vampire mosquitoes (D:13)
  21 water moccasins
  2 hydra simulacra (IceCv)
  3 ice beasts
  A black bear (D:7)
  33 orc warriors
  5 ogres
  13 wolves
  6 centaurs
  2 kobold brigands
  8 bullfrogs
  2 deep troll simulacra (IceCv)
  4 scorpions
  3 gnoll sergeants
  4 wights (D:7)
  6 killer bees
  4 howler monkeys
  5 electric eels (D:7)
  4 hounds
  8 orc priests
  2 gnoll boudas
  A jelly (D:5)
  2 iguanas (D:6)
  5 sleepcaps
  4 hell rats
  18 orc wizards
  Robin (D:4)
  32 gnolls
  9 adders
  7 river rats (D:6)
  A white imp (D:6)
  4 ufetubi
  4 worms
  A dart slug (D:1)
  88 orcs
  9 endoplasms
  A giant cockroach (shapeshifter) (D:13)
  5 giant cockroaches
  17 goblins
  6 hobgoblins
  5 jackals
  12 kobolds
  10 quokkas
  7 ball pythons
  3 bats
  4 frilled lizards
  18 rats
628 creatures vanquished.

Notes
Turn   | Place    | Note
-------+----------+-------------------------------------------
     0 | D:1      | jasper the Human Fighter began the quest for the Orb.
     0 | D:1      | Reached XP level 1. HP: 18/18 MP: 1/1
     0 | D:1      | Noticed a dwarf
    13 | D:1      | Noticed a vampire
    15 | D:1      | Noticed a barachi
    17 | D:1      | Noticed a draconian
    19 | D:1      | Noticed a felid
   120 | D:1      | Reached XP level 2. HP: 24/24 MP: 2/2
   443 | D:1      | Reached XP level 3. HP: 28/29 MP: 3/3
   853 | D:2      | Reached XP level 4. HP: 24/35 MP: 4/4
  1077 | D:2      | Reached XP level 5. HP: 27/41 MP: 5/5
  1087 | D:2      | Reached skill level 5 in Long Blades
  1683 | D:2      | Found a faded altar of an unknown god.
  1686 | D:2      | Prayed at the altar of an unknown god.
  1686 | D:2      | Became a worshipper of Ashenzari the Shackled
  2261 | D:3      | Reached * piety under Ashenzari
  2261 | D:3      | Identified a scroll of acquirement
  2659 | D:3      | Acquired 517 gold pieces
  2728 | D:4      | Found a broken altar of Ashenzari.
  2753 | D:4      | Reached XP level 6. HP: 24/48 MP: 6/6
  2863 | D:4      | Noticed an ogre
  2868 | D:4      | Killed an ogre
  2978 | D:4      | Noticed Menkaure
  2990 | D:4      | Killed Menkaure
  2991 | D:4      | Reached XP level 7. HP: 26/53 MP: 7/7
  3110 | D:4      | Found a staircase to the Ecumenical Temple.
  3125 | D:4      | Identified the ring "Boamismi" {rC+ rN+ Will+ Str+6}
  3156 | D:4      | Noticed Robin
  3198 | D:4      | Killed Robin
  3374 | D:4      | Reached ** piety under Ashenzari
  4039 | D:5      | Entered Level 5 of the Dungeon
  4047 | D:5      | Found a glowing golden altar of the Shining One.
  4047 | D:5      | Found a white marble altar of Elyvilon.
  4047 | D:5      | Found an ancient bone altar of Kikubaaqudgha.
  4047 | D:5      | Found a radiant altar of Vehumet.
  4090 | D:5      | Found a shadowy altar of Dithmenos.
  4222 | D:5      | Reached XP level 8. HP: 48/61 MP: 8/8
  4663 | D:5      | Found a bloodstained altar of Trog.
  4719 | D:6      | Found Zeipheos's Jewellery Shoppe.
  4757 | D:6      | Reached *** piety under Ashenzari
  4801 | D:6      | Found an ornate altar of the Wu Jian Council.
  5122 | D:6      | Reached skill level 10 in Long Blades
  5318 | D:6      | Noticed Jeremiah
  5330 | D:6      | Killed Jeremiah
  5331 | D:6      | Reached XP level 9. HP: 64/67 MP: 9/9
  5509 | D:6      | Reached skill level 1 in Dodging
  5509 | D:6      | Reached skill level 1 in Evocations
  6251 | D:7      | Reached XP level 10. HP: 55/74 MP: 10/10
  6664 | D:7      | Reached skill level 5 in Armour
  6664 | D:7      | Reached skill level 5 in Shields
  6789 | D:8      | Reached skill level 5 in Fighting
  6809 | D:8      | Found Toefo's Magic Scroll Emporium.
  6820 | D:8      | Bought a scroll of fog for 52 gold pieces
  6820 | D:8      | Bought a scroll of butterflies for 52 gold pieces
  6820 | D:8      | Bought a scroll of silence for 123 gold pieces
  6820 | D:8      | Bought a scroll of revelation for 97 gold pieces
  6941 | D:8      | Found a staircase to the Lair.
  7591 | D:9      | Found an opulent altar of Gozag.
  7955 | D:9      | Found a staircase to the Orcish Mines.
  8283 | D:9      | Found Jetoesimy's Armour Boutique.
  8286 | D:9      | Bought the +3 Mad Mage's Maulers {Infuse+∞ VampMP -Cast}
                  | for 600 gold pieces
  8286 | D:9      | Found the +3 Mad Mage's Maulers {Infuse+∞ VampMP -Cast}
  8544 | D:9      | Reached **** piety under Ashenzari
  8611 | D:9      | Reached XP level 11. HP: 82/89 MP: 2/11
  8625 | D:9      | Reached skill level 5 in Dodging
  8625 | D:9      | Reached skill level 5 in Evocations
  8794 | D:10     | Identified the of Ipetax
  8794 | D:10     | Entered Level 10 of the Dungeon
  8924 | D:10     | Noticed a two-headed ogre
  8943 | D:10     | Killed a two-headed ogre
  9276 | D:10     | Found a sacrificial altar of Ru.
  9347 | D:10     | Identified the +1 falchion "Ikkeatzo" {freeze, *Rage rElec
                  | rN++ Int-4}
  9675 | D:10     | Noticed Gastronok
  9682 | D:10     | Killed Gastronok
  9683 | D:10     | Identified the +3 flail of the Charming Gods {flame, +Blink
                  | Str-5 Int+4 SInv}
 10196 | D:11     | Noticed Fannar
 10232 | D:11     | Killed Fannar
 10233 | D:11     | Reached XP level 12. HP: 91/99 MP: 0/12
 10253 | D:11     | Noticed a two-headed ogre
 10264 | D:11     | Noticed a two-headed ogre
 10270 | D:11     | Killed a two-headed ogre
 10275 | D:11     | Killed a two-headed ogre
 10721 | D:11     | Noticed a centaur warrior
 10725 | D:11     | Killed a centaur warrior
 10803 | D:11     | Noticed Urug
 10813 | D:11     | Urug changed into Urug the fire crab
 10813 | D:11     | Noticed Urug
 10821 | D:11     | Killed Urug the fire crab
 11246 | D:11     | Found an ornate altar of the Wu Jian Council.
 11868 | Lair:1   | Entered Level 1 of the Lair of Beasts
 11959 | Lair:1   | Noticed a catoblepas
 11987 | Lair:1   | Killed a catoblepas
 12682 | Lair:1   | Reached ***** piety under Ashenzari
 13139 | Lair:2   | Found a staircase to the Snake Pit.
 13159 | Lair:2   | Reached XP level 13. HP: 109/109 MP: 1/13
 13189 | Lair:2   | Identified the +0 robe of Supple Strength {+Inv rN+ Dex-2}
 14103 | Lair:2   | Found a staircase to the Shoals.
 15568 | Lair:3   | Noticed a catoblepas
 15577 | Lair:3   | Killed a catoblepas
 16082 | Lair:3   | Reached XP level 14. HP: 118/121 MP: 1/15
 17066 | Lair:4   | Reached skill level 10 in Armour
 17219 | Lair:4   | Reached skill level 10 in Shields
 17223 | Lair:4   | Reached skill level 10 in Fighting
 18040 | Lair:4   | Found a viscous altar of Jiyva.
 18041 | Lair:4   | Found a staircase to the Slime Pits.
 18225 | Lair:5   | Entered Level 5 of the Lair of Beasts
 18836 | Lair:5   | Noticed a dire elephant
 18837 | Lair:5   | Noticed a dire elephant
 18905 | Lair:5   | Reached skill level 10 in Evocations
 19029 | Lair:5   | Reached skill level 10 in Dodging
 20084 | Orc:1    | Entered Level 1 of the Orcish Mines
 20322 | Orc:2    | Entered Level 2 of the Orcish Mines
 20322 | Orc:2    | Found a staircase to the Elven Halls.
 20743 | Orc:2    | Noticed Rupert
 20799 | Orc:2    | Killed Rupert
 21122 | Orc:2    | Reached XP level 15. HP: 65/130 MP: 1/16
 21284 | Orc:2    | Found Cuantuc's Distillery.
 21284 | Orc:2    | Found Odef's Antique Armour Emporium.
 21289 | Orc:2    | Bought 2 potions of haste for 220 gold pieces
 21289 | Orc:2    | Bought a potion of curing for 33 gold pieces
 21289 | Orc:2    | Bought 2 potions of resistance for 220 gold pieces
 21289 | Orc:2    | Bought a potion of haste for 110 gold pieces
 21289 | Orc:2    | Bought a potion of resistance for 110 gold pieces
 21289 | Orc:2    | Bought a potion of curing for 33 gold pieces
 21289 | Orc:2    | Bought a potion of heal wounds for 55 gold pieces
 21330 | Orc:2    | Found Yraached's General Store.
 21330 | Orc:2    | Found Koacir's Jewellery Emporium.
 21652 | Orc:2    | Noticed an orc warlord
 21749 | Orc:2    | Gained mutation: You are vulnerable to heat. (rF-) [a
                  | neqoxec]
 23079 | D:13     | Identified the amulet of Puemaul {Reflect rN+ SH+5 Stlth+}
 24267 | D:14     | Found a frozen archway.
 24267 | D:14     | Noticed an azure jelly
 24287 | D:14     | Killed an azure jelly
 24329 | IceCv    | Entered an ice cave
 25280 | IceCv    | Noticed an Ice Fiend
 25286 | IceCv    | Killed an Ice Fiend
 25499 | IceCv    | HP: 6/132 [golden dragon simulacrum (19)]
 25499 | IceCv    | Mangled by a golden dragon simulacrum

Illustrated notes

Levels and vault maps discovered:
D:1:      shiori_arrival_whats_in_store_for_you, layout_basic, st_stairs_5
D:2:      layout_basic, shapermc_ecumenical_altar_mp_vishouse,
          amcnicky_mini_pool_small
D:3:      layout_loops_corners
D:4:      wad_lake_hut, layout_rooms, evilmike_ruin_ashenzari,
          minmay_temple_entry_stoned_glass, minmay_misc_feat_iff,
          serial_park_tiny_pond, kennysheep_generic_room_13, uniq_robin,
          uniq_menkaure
D:5:      layout_basic, mainiacjoe_overflow_24_doors,
          chequers_temple_overflow_statue_of_worship,
          mainiacjoe_overflow_boulevard, serial_rivers,
          chequers_serial_rivers_micro_d, chequers_serial_rivers_micro_b,
          chequers_serial_rivers_micro_c, chequers_serial_rivers_marsh,
          minmay_gold_behind_fungi, amcnicky_mini_pool_medium
D:6:      lemuel_ratsnest, layout_basic, mainiacjoe_overflow_six_doors_small,
          serial_shops, nicolae_square_shop, serial_curves, eino_curves_01,
          eino_curves_01, eino_curves_02, eino_curves_01, uniq_jeremiah
D:7:      layout_basic, serial_bayou, serial_bayou_shore_b,
          serial_bayou_lagoon_b, serial_bayou_pond_e, serial_bayou_pond_a,
          hangedman_decor_slide_cut
D:8:      layout_cave_pools, lair_entry_dummy, serial_shops, shop,
          serial_park_tiny_pond
D:9:      layout_stronghold, nicolae_gozag_cash_rules_everything_around_me,
          david_orc_5, serial_shops, nicolae_shop_tiny_real_fake_doors,
          kennysheep_flooded_box
D:10:     layout_basic, kennysheep_mini_moat, serial_glass, glass_columns_a,
          glass_columns_b, uniq_gastronok
D:11:     layout_long_grid, roadster_trireme, uniq_urug, uniq_fannar
D:12:     hangedman_cross_stitches, layout_cave_pools
D:13:     layout_grid_maze
D:14:     layout_cave_pools, david_vaults_1, minmay_misc_feat_alley, serial_ice,
          serial_ice_l, serial_ice_c, serial_ice_m, serial_ice_d, serial_ice_b,
          serial_ice_g, serial_ice_a, portal_ice_cave_entry_frozen_things
Lair:1:   layout_regular_city, nicolae_lair_lil_pond, dreamdust_gnoll_shepherd
Lair:2:   layout_hall_layers, minmay_shoals_entry_centaurs,
          minmay_snake_entry_six_corridors
Lair:3:   layout_regular_city, minmay_lair_oklob_bushes, beast_lair_carwin_2
Lair:4:   layout_cave_shapes, slime_entry_1, chequers_serial_rivers_micro_c,
          infiniplex_staircase_pool_2
Lair:5:   due_jungle_book, layout_long_grid, lemuel_fruit_tree
Orc:1:    layout_diamond_mine
Orc:2:    st_orc_town, layout_caves, lightli_church_of_beogh, uniq_rupert
IceCv:    ice_cave_tombish

Skill      XL: |  1  2  3  4  5  6  7  8  9 10 11 12 13 14 15 |
---------------+----------------------------------------------+-----
Long Blades    | 3 4 5 7 8 10 11 | 11.7
Dodging        | 2 4 6 7 9 10 11 | 11.0
Evocations     | 2 4 6 7 9 10 11 | 11.1
Fighting       | 4 5 7 8 9 10 11 | 11.5
Armour         | 4 5 7 8 9 10 11 | 11.5
Shields        | 4 5 7 8 9 10 11 | 11.5

Action                     |  1- 3 |  4- 6 |  7- 9 | 10-12 | 13-15 || total
---------------------------+-------+-------+-------+-------+-------++-------
  Melee: Long sword        |    83 |   154 |   502 |   559 |  1044 ||  2342
         Double sword      |       |       |       |       |    27 ||    27
  Throw: Dart              |       |       |     4 |     1 |     1 ||     6
         Stone             |       |       |     1 |     2 |    12 ||    15
         Javelin           |       |       |       |    12 |       ||    12
         Throwing net      |       |       |       |     1 |       ||     1
         Boomerang         |       |       |       |       |     3 ||     3
 Invoke: Curse Item        |       |     2 |     3 |     5 |     2 ||    12
         Shatter the Chain |       |       |     1 |     1 |     3 ||     5
  Evoke: Wand              |       |       |    10 |    15 |    39 ||    64
    Use: Scroll            |     3 |     3 |       |     2 |     7 ||    15
         Potion            |     1 |     6 |       |     3 |     1 ||    11
   Stab: Paralysed         |       |       |     5 |       |     3 ||     8
         Sleeping          |       |       |       |       |     2 ||     2
 Armour: Scale mail        |    59 |    85 |   185 |       |       ||   329
         Swamp dragon scal |       |       |    30 |   225 |   450 ||   705
  Dodge: Dodged            |    34 |    43 |   148 |   192 |   478 ||   895
  Block: Buckler           |    18 |    47 |   215 |   357 |   617 ||  1254
         Reflection        |       |       |       |    17 |    25 ||    42
         Kite shield       |       |       |       |       |   224 ||   224

Table legend: (Time is in decaauts)
 A = Elapsed time spent in this place.
 B = Non-inter-level travel time spent in this place.
 C = Inter-level travel time spent in this place.
 D = Time resting spent in this place.
 E = Time spent auto-exploring this place.
 F = Levels seen in this place.
 G = Mean time per level.
                   A        B        C        D        E       F      G
               +--------+--------+--------+--------+--------+-----+--------+
         Total |  25137 |  24175 |    962 |   2586 |  14754 |  22 | 1142.6 |
       Dungeon |  14236 |  13500 |    736 |    967 |   8072 |  14 | 1016.9 |
          Lair |   7992 |   7796 |    196 |    627 |   5712 |   5 | 1598.4 |
  Orcish Mines |   1758 |   1729 |     29 |    308 |    742 |   2 |  879.0 |
      Ice Cave |   1150 |   1150 |      0 |    684 |    227 |   1 | 1150.0 |
               +--------+--------+--------+--------+--------+-----+--------+

Top non-repeatable levels by time:
  Lair:3: 2088 daAuts
  Lair:2: 1992 daAuts
    D:11: 1710 daAuts
    D:13: 1622 daAuts
  Lair:5: 1572 daAuts
     D:4: 1419 daAuts
    D:10: 1392 daAuts
   Orc:2: 1349 daAuts
     D:9: 1272 daAuts
  Lair:1: 1258 daAuts
   IceCv: 1150 daAuts
     D:2: 1092 daAuts
  Lair:4: 1081 daAuts
     D:6: 1052 daAuts
     D:3: 961 daAuts
